 Dungeon Crawl Stone Soup version 0.31-a0-851-g7ff8af7976 (webtiles) character file.

Game seed: 16976896635299540689

15 Kurtz the Sneak (level 2, -2/28 HPs)
             Began as a Naga Delver on Oct 7, 2023.
             Slain by a gnoll
             ... wielding a +0 club
              (6 damage)
             ... on level 2 of the Dungeon.
             The game lasted 00:00:57 (180 turns).

Kurtz the Sneak (Naga Delver)                        Turns: 180, Time: 00:00:57

Health: -2/28      AC:  3    Str: 14    XL:     2   Next: 50%
Magic:  2/2        EV:  8    Int: 10    God:
Gold:   11         SH:  0    Dex: 12    Spells: 1/1 levels left

rFire   . . .        a - +0 hand axe
rCold   . . .        (no shield)
rNeg    . . .        h - +0 ring mail
rPois   +            (no helmet)
rElec   .            (no cloak)
rCorr   .            (no gloves)
SInv    +            (no barding)
Will    .....        (no amulet)
Stlth   +++          (no ring)
HPRegen 0.24/turn    (no ring)
MPRegen 0.08/turn

%: no passive effects
@: very slow
A: AC +0, large, see invisible, deformed body, poison resistance, slowness 2,
spit poison 1, naga tail 1
a: Spit Poison


You were on level 2 of the Dungeon.
You visited 1 branch of the dungeon, and saw 4 of its levels.

You collected 11 gold pieces.

Inventory:

Hand Weapons
 a - a +0 hand axe (weapon)
Armour
 b - a +0 leather armour
 h - a +0 ring mail (worn)
Wands
 g - a wand of digging (3)
Scrolls
 c - a scroll of fog
 d - a scroll of revelation
Potions
 f - a potion of haste


   Skills:
 - Level 3.0 Fighting
 * Level 3.0 Axes
 - Level 1.5 Dodging
 - Level 7.2 Stealth


You had one spell level left.
You didn't know any spells.
Your spell library was empty.

Dungeon Overview and Level Annotations

Branches:
Dungeon (5/15)
 Temple: D:4-7

Altars:

Annotations:
D:2 Ijyb
D:4 Menkaure


Innate Abilities, Weirdness & Mutations

Your serpentine skin is tough. (AC +0)
You have supernaturally acute eyesight. (SInv)
Armour fits poorly on your strangely shaped body.
Your system is resistant to poisons. (rPois)
You cover ground very slowly.
You can spit poison.
You have a snake-like lower body.


Message History

You hit Ijyb.
Ijyb is moderately wounded.
You closely miss the goblin. You miss the goblin.
You hit the goblin but do no damage. You hit the adder. The adder bites you.
The goblin hits you but does no damage. x2
The goblin hits you with a +0 dagger. Ijyb hits you with a +0 dagger.
* * * LOW HITPOINT WARNING * * *
The adder bites you but does no damage.
Unknown command.
As you read the scroll of fear, it crumbles to dust.
You assume a fearsome visage.
The goblin looks frightened! x2
Ijyb looks frightened!
The goblin looks frightened! x3
The adder looks frightened!
The goblin starts to cry.
Ijyb wails, "Help!"
You kill the adder!
The goblin shouts, "No!
I'll never do that again!"
Cornered, the goblin turns to fight!
Your Axes skill increases to level 3!
You have reached level 2!
You see here 9 gold pieces.
You have got your breath back.
Cornered, the goblin turns to fight!
The goblin closely misses you. The goblin attacks as it pursues you!
The goblin hits you but does no damage.
A gnoll comes into view. It is wielding a +0 club.
The goblin attacks as it pursues you! The goblin hits you but does no damage.
The goblin hits you with a +0 club.
* * * LOW HITPOINT WARNING * * *
The goblin attacks as it pursues you! The goblin closely misses you.
A gnoll comes into view. It is wielding a +0 club.
The gnoll shouts! x2; You hear a shout!
You hear an angry hiss.
The goblin attacks as it pursues you! The goblin closely misses you.
You slash the goblin!
You kill the goblin!
A gnoll comes into view. It is wielding a +0 spear.
A gnoll comes into view. It is wielding a +0 club.
Unknown command.
An adder comes into view.
The gnoll hits you with a +0 club.
You die...

#.....†.#########
#......)8)8.8.8.#
#.....$......g..#
#....#.........$#
#.#g##.)........#
# #.##.........)#
#g##..$..$....#
#.##.g8g8.8g8.#
#@#############
#g# #.# #g# .g.
#.S #.g #..#


You could see 4 gnolls, an adder and 2 goblins.

Vanquished Creatures
  An adder (D:2)
  3 goblins (D:2)
  A jackal (D:5)
  A bat (D:3)
6 creatures vanquished.

Notes
Turn   | Place    | Note
-------+----------+-------------------------------------------
     0 | D:5      | Kurtz the Naga Delver began the quest for the Orb.
     0 | D:5      | Reached XP level 1. HP: 21/21 MP: 1/1
     7 | D:5      | Noticed a jelly
     7 | D:5      | Noticed a hound
    30 | D:4      | Noticed Menkaure
   162 | D:2      | Noticed Ijyb
   172 | D:2      | Reached XP level 2. HP: 5/28 MP: 2/2
   180 | D:2      | Slain by a gnoll

Illustrated notes

Levels and vault maps discovered:
D:2:      kennysheep_the_goblin_king, layout_rooms
D:3:      layout_loops_ring, basic_ecumenical_altar
D:4:      gammafunk_wand_slinger, layout_loops_ring, serial_rivers,
          chequers_serial_rivers_large_b, chequers_serial_rivers_micro_c,
          chequers_serial_rivers_small_b, chequers_serial_rivers_micro_d,
          chequers_serial_rivers_small_3, hangedman_decor_opposing,
          nicolae_shop_vocational, uniq_menkaure
D:5:      layout_basic, minmay_misc_feat_enclosed, uniq_eustachio

Skill      XL: |  1 |
---------------+----+-----
Axes           | 3 |  3.0
Fighting       | |  3.0
Dodging        | |  1.5
Stealth        | |  7.2

Action                     || total
---------------------------++-------
  Melee: Hand axe          ||     6
Ability: Spit Poison       ||     1
    Use: Scroll            ||     1
 Armour: Ring mail         ||    16
         Leather armour    ||     3
  Dodge: Dodged            ||    13

Table legend: (Time is in decaauts)
 A = Elapsed time spent in this place.
 B = Non-inter-level travel time spent in this place.
 C = Inter-level travel time spent in this place.
 D = Time resting spent in this place.
 E = Time spent auto-exploring this place.
 F = Levels seen in this place.
 G = Mean time per level.
                   A        B        C        D        E       F      G
               +--------+--------+--------+--------+--------+-----+--------+
         Total |    233 |    233 |      0 |     15 |      8 |   4 |   58.2 |
       Dungeon |    233 |    233 |      0 |     15 |      8 |   4 |   58.2 |
               +--------+--------+--------+--------+--------+-----+--------+

Top non-repeatable levels by time:
     D:4: 132 daAuts
     D:5: 47 daAuts
     D:3: 30 daAuts
     D:2: 22 daAuts
